 Dungeon Crawl Stone Soup version 0.29.1-4-g47bece8355 (webtiles) character file.

Game seed: 12885584601855074855

94 hawla the Chiller (level 5, 0/39 HPs)
             Began as a Meteoran Ice Elementalist on Dec 10, 2022.
             Slain by Pargi (6 damage)
             ... in a sewer.
             The game lasted 00:05:17 (585 turns).

hawla the Chiller (Meteoran Ice Elementalist)        Turns: 585, Time: 00:05:17

Health: 0/39       AC:  2    Str: 14    XL:     5   Next: 17%
Magic:  0/12       EV: 12    Int: 17    God:
Gold:   72         SH:  0    Dex: 13    Spells: 4/12 levels left

rFire   . . .      SeeInvis .   (no weapon)
rCold   . . .      Faith    .   (no shield)
rNeg    . . .      Spirit   .   a - +0 robe
rPois   .          Reflect  .   (no helmet)
rElec   .          Harm     .   (no cloak)
rCorr   .          Rampage  .   (no gloves)
Will    .....                   (no boots)
Stlth   +.........              (no amulet)
HPRegen 0.13/turn               (no ring)
MPRegen 0.13/turn               (no ring)

@: very slightly contaminated, glowing
A: sense surroundings 2, otherworldly, glowing, explore regen, strong 1
a: no special abilities


You were in a sewer.
You visited 1 branch of the dungeon, and saw 4 of its levels.
You also visited: Sewer.

You collected 72 gold pieces.

Inventory:

Armour
 a - a +0 robe (worn)
Potions
 j - a potion of mutation


   Skills:
 - Level 0.5 Fighting
 - Level 2.8 Dodging
 - Level 1.4 Stealth
 - Level 4.1 Spellcasting
 + Level 5.5 Ice Magic


You had 4 spell levels left.
You knew the following spells:

 Your Spells              Type           Power      Damage    Failure   Level
a - Freeze                Ice            88%        1d10      1%          1
b - Frozen Ramparts       Ice            44%        1d7       4%          3
c - Hailstorm             Conj/Ice       12%        3d5       45%         4

Your spell library contained the following spells:

 Spells                   Type           Power      Damage    Failure   Level
 Ozocubu's Armour         Ice            22%        N/A       4%          3
 Apportation              Tloc           6%         N/A       16%         1
 Necrotise                Necr           12%        1d4       16%         1
 Sandblast                Erth           6%         2d5       16%         1
 Summon Small Mammal      Summ           12%        N/A       16%         1
 Passwall                 Tmut/Erth      2%         N/A       24%         2
 Stone Arrow              Conj/Erth      6%         3d7       43%         3
 Tukima's Dance           Hex            3%         N/A       43%         3
 Passage of Golubria      Tloc           3%         N/A       83%         4
 Yara's Violent Unravell  Hex/Tmut       1%         3d3       99%         5


Dungeon Overview and Level Annotations

Branches:
Dungeon (4/15) Zot: 1893    Sewer (1/1) Zot: 520
 Temple: D:4-7

Altars:

Shops:
D:3 *

Annotations:
Sewer Pargi


Innate Abilities, Weirdness & Mutations

You passively map the area around you.
You are easily found by Zot.
You glow in the dark.
You regain HP and MP as you explore.
Your muscles are strong. (Str +4, Int/Dex -1)


Message History

Aim: Pargi (moderately wounded)
You freeze Pargi.
Pargi is moderately wounded.
The wall freezes Pargi.
Pargi bites you. Pargi claws you. x2
Unknown command.
You feel better.
The wall freezes Pargi.
Pargi barely misses you. Pargi claws you but does no damage. Pargi claws you.
Casting: Freeze (safe; 1% risk of failure)
Confirm with . or Enter, or press ? or * to list all spells.
You don't have enough magic to cast this spell.
It was a potion of mutation.
You feel extremely strange.
Your attunement to dungeon structure grows.
You feel stronger.
The wall freezes Pargi!
Pargi barely misses you. Pargi claws you. Pargi misses you.
You closely miss Pargi.
Pargi is severely wounded.
The frozen ramparts melt away.
Pargi barely misses you. Pargi claws you but does no damage.
Pargi closely misses you. Pargi attacks as you move away!
Pargi closely misses you. Pargi misses you. Pargi claws you.
Pargi attacks as you move away! Pargi closely misses you. Pargi claws you. x2
Casting: Freeze (safe; 1% risk of failure)
Confirm with . or Enter, or press ? or * to list all spells.
Aiming: Freeze (safe; 1% risk of failure)
Press: ? - help, Shift-Dir - straight line, f/p - Pargi
Aim: Pargi (heavily wounded)
You freeze Pargi.
Pargi is severely wounded.
Pargi closely misses you. Pargi claws you. Pargi misses you.
Unknown command.
Pargi attacks as you move away! Pargi bites you but does no damage.
Pargi claws you. Pargi barely misses you. Pargi attacks as you move away!
Pargi closely misses you. Pargi claws you. x2
Pargi attacks as you move away! Pargi bites you.
* * * LOW HITPOINT WARNING * * *
Pargi claws you but does no damage. Pargi claws you.
* * * LOW HITPOINT WARNING * * *
Pargi attacks as you move away! Pargi bites you.
You die...

##...## ##.## #.#
#.# #.# * #.# , .
* #.# , ... ,
########.####.....
#∩.@T......!......
#############.....
..., *,, ., *


You could see Pargi.

Vanquished Creatures
  An iguana (D:4)
  2 adders (D:3)
  2 river rats (D:4)
  A dart slug (D:2)
  4 ball pythons
  7 bats
  An endoplasm (D:1)
  A giant cockroach (D:1)
  3 goblins
  4 jackals
  2 frilled lizards (D:1)
  A kobold (D:2)
  5 rats
34 creatures vanquished.

Notes
Turn   | Place    | Note
-------+----------+-------------------------------------------
     0 | D:1      | hawla the Meteoran Ice Elementalist began the quest for the
                  | Orb.
     0 | D:1      | Reached XP level 1. HP: 14/14 MP: 5/5
    42 | D:1      | Reached XP level 2. HP: 6/20 MP: 1/6
   261 | D:2      | Reached XP level 3. HP: 24/26 MP: 4/8
   357 | D:3      | Learned a level 3 spell: Frozen Ramparts
   373 | D:3      | Found Zioqoc's General Store.
   385 | D:3      | Reached skill level 5 in Ice Magic
   392 | D:3      | Reached XP level 4. HP: 33/33 MP: 6/10
   462 | D:4      | Found a glowing drain.
   482 | D:4      | Reached XP level 5. HP: 16/39 MP: 0/12
   487 | D:4      | Learned a level 4 spell: Hailstorm
   505 | Sewer    | Entered a sewer
   568 | Sewer    | Noticed Pargi
   575 | Sewer    | Gained mutation: You passively map the area around you.
                  | [potion of mutation]
   575 | Sewer    | Gained mutation: Your muscles are strong. (Str +4, Int/Dex
                  | -1) [potion of mutation]
   585 | Sewer    | Slain by Pargi

Illustrated notes

Levels and vault maps discovered:
D:1:      zelgadis_glass_arrival_small, layout_rooms,
          ebering_ecumenical_altar_mist, dreamdust_princess_corridor
D:2:      layout_loops_ring
D:3:      layout_basic, mainiacjoe_overflow_alcove_4, serial_shops, shop
D:4:      layout_rooms, portal_sewer_entry_a
Sewer:    sewer_big_baddie

Skill      XL: |  1  2  3  4 |
---------------+-------------+-----
Spellcasting   | 3 4 |  4.1
Ice Magic      | 5 |  5.5
Fighting       | |  0.5
Dodging        | |  2.8
Stealth        | |  1.4

Action                   |  1- 3 |  4- 6 || total
-------------------------+-------+-------++-------
Melee: Unarmed           |     5 |     5 ||    10
 Cast: Freeze            |    31 |    14 ||    45
       Frozen Ramparts   |       |     4 ||     4
       Hailstorm         |       |     1 ||     1
  Use: Potion            |     1 |     2 ||     3
       Scroll            |       |     7 ||     7
Armor: Robe              |     6 |     9 ||    15
Dodge: Dodged            |    20 |    26 ||    46
